 Dungeon Crawl Stone Soup version 0.28.0-45-g0d030f2227 (webtiles) character file.

Game seed: 989926047012489715

11646 zeratav the Severer (level 11, -1/100 HPs)
             Began as a Minotaur Berserker on Apr 2, 2022.
             Was a High Priest of Trog.
             Slain by an ogre mage
             ... wielding a +0 whip of flaming
              (4 damage)
             ... on level 10 of the Dungeon.
             The game lasted 00:26:20 (10184 turns).

zeratav the Severer (Minotaur Berserker)           Turns: 10184, Time: 00:26:23

Health: -1/100     AC: 20    Str: 27    XL:     11   Next: 52%
Magic:  10/10      EV:  8    Int:  6    God:    Trog [*****.]
Gold:   625        SH:  0    Dex:  9    Spells: 10/10 levels left

rFire   . . .      SeeInvis .   y - +3 battleaxe
rCold   . . .      Faith    .   (shield currently unavailable)
rNeg    . . .      Spirit   .   n - +1 plate armour
rPois   +          Reflect  .   (helmet restricted)
rElec   .          Harm     .   q - +1 cloak {rPois}
rCorr   .          Rampage  .   (no gloves)
Will    .....                   (no boots)
Stlth   ..........              (no amulet)
HPRegen 0.26/turn               d - ring of poison resistance
MPRegen 0.12/turn               i - +4 ring of slaying

@: on berserk cooldown, slowed, very slow
A: horns 2, retaliatory headbutt, iridescent scales 1, clever 1
a: Renounce Religion, Berserk, Trog's Hand, Brothers in Arms


You were on level 10 of the Dungeon.
You worshipped Trog.
Trog was extremely pleased with you.
You visited 1 branch of the dungeon, and saw 10 of its levels.

You collected 625 gold pieces.

Inventory:

Hand Weapons
 y - a +3 battleaxe (weapon)
 z - a +3 hand axe
 I - a +4 mace
 O - a +2 war axe of venom
Missiles
 H - 2 silver javelins (quivered)
Armour
 n - a +1 plate armour (worn)
 q - a +1 cloak of poison resistance (worn)
Jewellery
 d - a ring of poison resistance (left hand)
 f - a +6 ring of intelligence
 i - a +4 ring of slaying (right hand)
 w - a ring of protection from cold
 N - a ring of see invisible
Wands
 a - a wand of mindburst (15)
 F - a wand of iceblast (8)
 L - a wand of digging (5)
 M - a wand of paralysis (3)
Scrolls
 e - 3 scrolls of fear
 j - 7 scrolls of teleportation
 r - 2 scrolls of immolation
 t - a scroll of enchant weapon
 u - 2 scrolls of identify
 x - a scroll of magic mapping
Potions
 g - a potion of attraction
 k - 3 potions of haste
 m - 2 potions of invisibility
 o - 2 potions of lignification
 p - 2 potions of ambrosia
 s - 5 potions of curing
 v - 2 potions of berserk rage {unknown}
 A - a potion of experience {unknown}
 B - a potion of resistance
 K - a potion of might


   Skills:
 + Level 10.3 Fighting
 + Level 16.1 Axes
 + Level 11.3 Armour
 + Level 3.6 Dodging
 + Level 1.2 Stealth


You had 10 spell levels left.
You didn't know any spells.
Your spell library was empty.

Dungeon Overview and Level Annotations

Branches:
Dungeon (10/15)            Temple (0/1) D:4
   Lair: D:8-11         Orc: D:9-12

Altars:
Elyvilon
Fedhas
Kikubaaqudgha
Okawaru
Ru
Trog

Shops:
D:3 (   D:9 *

Annotations:
D:4 1 runed translucent door
D:9 3 runed translucent doors, GilGalad's ghost, novice GrEE


Innate Abilities, Weirdness & Mutations

You have a pair of horns on your head.
You reflexively headbutt those who attack you in melee.
You are partially covered in iridescent scales. (AC +2)
Your mind is acute. (Int +2)


Message History

* * * LOW HITPOINT WARNING * * *
A centaur comes into view.
It is wielding a +0 short sword of speed and carrying a wand of flame (15).
Something hits you.
* * * LOW HITPOINT WARNING * * *
The centaur shouts!
You slice something!! Your headbutt misses something. You slice something!!
Trog accepts your kill.
Reactivating autopickup.
You feel a bit more experienced.
The centaur zaps a wand.
The puff of flame hits you!
* * * LOW HITPOINT WARNING * * *
Something hits you but does no damage.
Deactivating autopickup; reactivate with Ctrl-A.
Something hits you.
* * * LOW HITPOINT WARNING * * *
Something burns you.
* * * LOW HITPOINT WARNING * * *
The centaur zaps a wand.
The puff of flame hits you but does no damage.
You feel much better.
The centaur unwields a +0 short sword of speed.
The centaur wields a +0 shortbow.
The centaur shoots an arrow.
The arrow hits you!
* * * LOW HITPOINT WARNING * * *
Something completely misses you.
The centaur zaps a wand.
The puff of flame hits you.
* * * LOW HITPOINT WARNING * * *
Aiming: Mindburst
Press: ? - help, Q - select action, (/) - cycle Shift-Dir - straight line Nothing appears to happen.
The centaur zaps a wand.
The puff of flame hits you but does no damage.
Something hits you!
* * * LOW HITPOINT WARNING * * *
Something burns you.
* * * LOW HITPOINT WARNING * * *
The centaur shoots an arrow.
The arrow barely misses you. Something hits you!
* * * LOW HITPOINT WARNING * * *
Something burns you.
You die...

#>....### #........
#################......##
#....|................... .
#.#####.#########.####### #.####
##.#...#.##.........#.. .#...
#...#.#...#......[..#.# ...# .
#.##.#.#.#.##.........#.##...##.
#.#.#.....#.#..@......#...###...
#....#.#.#....{.).)÷...#...(#..#
#.#.#.....#.#.........#..)###...
#.##.#.#†#.##.........#.##...#
#...#.#)..#.........#.##...##.
##.#..)#.##.........#....#....
####.#########.#########)####
####.# ..c.. #..#.)#.#. #..†.#
###### #.#..##..#


You could see a centaur.

Vanquished Creatures
  A death knight (D:10)
  A two-headed ogre (D:10)
  Pikel (D:8)
  An ugly thing (D:10)
  A manticore (D:10)
  Joseph (D:8)
  3 unseen horrors
  A komodo dragon (D:10)
  A freezing wraith (D:10)
  4 trolls (D:10)
  2 hornets
  Grinder (D:5)
  The ghost of NinjaNoafa the Sneak, an amateur KoBr of Makhleb (D:4)
  A wraith (D:10)
  2 yaks (D:10)
  A wyvern (D:10)
  2 vampire mosquitoes (D:10)
  3 water moccasins
  2 orc warriors
  2 ice beasts
  A sky beast (D:7)
  4 centaurs
  4 ogres
  4 lemures (D:8)
  3 bullfrogs
  3 kobold brigands
  3 scorpions
  A gnoll sergeant (D:9)
  A water moccasin zombie (D:5)
  A water moccasin skeleton (D:4)
  9 wights
  16 killer bees
  A howler monkey (D:10)
  3 centaur zombies
  A bullfrog zombie (D:6)
  Crazy Yiuf (D:2)
  A jelly (D:8)
  A bullfrog skeleton (D:6)
  A hound (D:6)
  3 centaur skeletons
  A gnoll shaman (D:10)
  9 orc priests
  2 iguanas (D:5)
  9 orc wizards
  A hound zombie (D:5)
  A hound skeleton (D:5)
  3 howler monkey zombies
  Robin (D:3)
  4 gnolls (D:9)
  8 adders
  6 river rats (D:5)
  2 ufetubi
  An adder zombie (D:5)
  4 worms
  4 dart slugs
  41 orcs
  6 bats (D:1)
  13 endoplasms
  5 giant cockroaches
  9 goblins
  8 hobgoblins
  3 jackals (D:4)
  16 quokkas
  10 ball pythons
  3 frilled lizards
  21 kobolds
  13 rats
298 creatures vanquished.

Vanquished Creatures (others)
  3 plants (D:4)
3 creatures vanquished.

Grand Total: 301 creatures vanquished

Notes
Turn   | Place    | Note
-------+----------+-------------------------------------------
     0 | D:1      | zeratav the Minotaur Berserker began the quest for the Orb.
     0 | D:1      | Reached XP level 1. HP: 19/19 MP: 0/0
   396 | D:1      | Reached skill level 4 in Axes
   397 | D:1      | Reached XP level 2. HP: 22/27 MP: 1/1
  1158 | D:1      | Reached XP level 3. HP: 33/33 MP: 2/2
  1655 | D:2      | Reached ** piety under Trog
  1660 | D:2      | Reached skill level 5 in Axes
  1660 | D:2      | Reached XP level 4. HP: 41/41 MP: 3/3
  1699 | D:2      | Found a faded altar of an unknown god.
  1900 | D:2      | Found a runed translucent door.
  1901 | D:2      | Noticed Crazy Yiuf
  2331 | D:2      | Killed Crazy Yiuf
  2332 | D:2      | Reached XP level 5. HP: 36/47 MP: 4/4
  2471 | D:3      | Noticed Robin
  2485 | D:3      | Killed Robin
  2600 | D:3      | Found an ancient bone altar of Kikubaaqudgha.
  2601 | D:3      | Found a bloodstained altar of Trog.
  2918 | D:3      | Found Koular's Weapon Shop.
  3031 | D:3      | Gained mutation: You are partially covered in iridescent
                  | scales. (AC +2) [potion of mutation]
  3031 | D:3      | Gained mutation: Your mind is acute. (Int +2) [potion of
                  | mutation]
  3091 | D:4      | Found a staircase to the Ecumenical Temple.
  3123 | D:4      | Found an iron altar of Okawaru.
  3155 | D:4      | Reached skill level 6 in Axes
  3167 | D:4      | Reached XP level 6. HP: 55/55 MP: 5/5
  3194 | D:4      | Found a runed translucent door.
  3264 | D:4      | Noticed NinjaNoafa's ghost (amateur KoBr)
  3280 | D:4      | Killed NinjaNoafa's ghost
  3281 | D:4      | Reached skill level 5 in Fighting
  3281 | D:4      | Reached skill level 7 in Axes
  3281 | D:4      | Reached XP level 7. HP: 61/61 MP: 6/6
  3288 | D:4      | Reached *** piety under Trog
  3291 | D:4      | Found a runed translucent door.
  3318 | D:4      | Found a sacrificial altar of Ru.
  3778 | D:5      | Entered Level 5 of the Dungeon
  3803 | D:5      | Reached skill level 8 in Axes
  3803 | D:5      | Reached skill level 5 in Armour
  3920 | D:5      | Found a blossoming altar of Fedhas.
  3920 | D:5      | Found a white marble altar of Elyvilon.
  4009 | D:5      | Reached XP level 8. HP: 14/70 MP: 7/7
  4325 | D:5      | Reached skill level 9 in Axes
  4370 | D:5      | Noticed Grinder
  4378 | D:5      | Killed Grinder
  4378 | D:5      | Reached **** piety under Trog
  4453 | D:5      | Reached skill level 10 in Axes
  4968 | D:6      | Reached XP level 9. HP: 48/74 MP: 8/8
  4977 | D:6      | Reached skill level 11 in Axes
  5234 | D:6      | You fall into a shaft and drop 2 floors!
  5632 | D:7      | Reached skill level 12 in Axes
  5777 | D:7      | Killed an unseen horror
  6850 | D:8      | Noticed Joseph
  6860 | D:8      | Killed Joseph
  6861 | D:8      | Reached XP level 10. HP: 88/88 MP: 9/9
  7146 | D:8      | Noticed Pikel
  7152 | D:8      | Reached skill level 13 in Axes
  7161 | D:8      | Killed Pikel
  7161 | D:8      | Reached ***** piety under Trog
  7560 | D:9      | Found a runed translucent gate.
  7563 | D:9      | Found a runed translucent gate.
  7571 | D:9      | Found a runed translucent gate.
  7577 | D:9      | Noticed GilGalad's ghost (novice GrEE)
  8445 | D:9      | Found Kuegisk's General Store.
  9096 | D:10     | Entered Level 10 of the Dungeon
  9343 | D:10     | Reached skill level 10 in Armour
  9475 | D:10     | Reached skill level 14 in Axes
  9503 | D:10     | Reached skill level 1 in Stealth
  9669 | D:10     | Reached XP level 11. HP: 78/97 MP: 10/10
  9698 | D:10     | Reached skill level 15 in Axes
 10132 | D:10     | Noticed a cyan ugly thing
 10137 | D:10     | Noticed an ogre mage
 10142 | D:10     | Noticed a two-headed ogre
 10142 | D:10     | Noticed a death knight
 10145 | D:10     | Killed a cyan ugly thing
 10152 | D:10     | Identified the +11 battleaxe "Beetle's Nightmare" {vorpal,
                  | *Rage Will++} (Trog gifted it to you on level 10 of the
                  | Dungeon)
 10152 | D:10     | Received a gift from Trog
 10156 | D:10     | Killed a two-headed ogre
 10157 | D:10     | Reached skill level 10 in Fighting
 10165 | D:10     | Killed a death knight
 10171 | D:10     | Reached skill level 16 in Axes
 10184 | D:10     | HP: 3/100 [something (10)]
 10184 | D:10     | Slain by an ogre mage

Illustrated notes

Levels and vault maps discovered:
D:1:      shiori_shiawase, layout_basic, minmay_tree_intersection,
          supply_closet_lemuel, minmay_vboxes
D:2:      layout_basic, shapermc_ecumenical_altar_mp_highgroup,
          uniq_crazy_yiuf_cottage
D:3:      layout_rooms, mainiacjoe_overflow_divided_tiny, serial_shops,
          nicolae_shop_bloodbath_and_beyond, hangedman_decor_points, uniq_robin
D:4:      layout_loops_ring, okawaru_trees_1, mainiacjoe_overflow_boulevard,
          minmay_temple_entry_steel_oval, ebering_ghost_sewer_f
D:5:      lemuel_ratsnest, layout_cave_pools, gammafunk_temple_overflow_wave,
          uniq_grinder
D:6:      layout_basic
D:7:      layout_basic
D:8:      layout_cave_pools, uniq_joseph, uniq_pikel
D:9:      layout_irregular_city, serial_shops, nicolae_shop_waterfront,
          gammafunk_ghost_spectres
D:10:     minmay_the_grid_4x2 [minmay_the_grid_diamond_grid,
          minmay_the_grid_empty, minmay_the_grid_square_x,
          minmay_the_grid_embedded, minmay_the_grid_mess,
          minmay_the_grid_minigrid_medium, minmay_the_grid_odd_star,
          minmay_the_grid_prize_shrinking_boxes], layout_rooms,
          lair_entry_dummy, erik_orc_1, st_stairs_7, feat_on_display

Skill      XL: |  1  2  3  4  5  6  7  8  9 10 11 |
---------------+----------------------------------+-----
Axes           | 4 5 6 7 8 10 12 14 16 | 16.1
Fighting       | 4 5 6 7 9 10 | 10.3
Armour         | 3 4 6 7 9 10 11 | 11.3
Dodging        | 3 |  3.6
Stealth        | 1 |  1.2

Action                   |  1- 3 |  4- 6 |  7- 9 | 10-12 || total
-------------------------+-------+-------+-------+-------++-------
Melee: Hand axe          |    57 |   112 |   154 |       ||   323
       Headbutt          |     6 |    17 |    45 |    27 ||    95
       Punch             |     1 |     1 |     1 |       ||     3
       Battleaxe         |       |       |    68 |   199 ||   267
Invok: Berserk           |       |     1 |     3 |     4 ||     8
       Trog's Hand       |       |       |     1 |       ||     1
Evoke: Wand              |       |       |       |     1 ||     1
  Use: Potion            |       |     7 |       |     2 ||     9
       Scroll            |       |     5 |       |    14 ||    19
 Stab: Distracted        |       |       |       |     1 ||     1
Armor: Animal skin       |     6 |       |       |       ||     6
       Chain mail        |    10 |    41 |       |       ||    51
       Plate armour      |       |    22 |   144 |   176 ||   342
Dodge: Dodged            |    48 |    35 |    80 |    92 ||   255
